 Dungeon Crawl Stone Soup version 0.18.1-48-g4cf74bf (webtiles) character file.

112640 Peloso the Peltast (level 16, -1/149 HPs)
             Began as a Minotaur Fighter on Sept 11, 2016.
             Was the Champion of Okawaru.
             Slain by an alligator (15 damage)
             ... on level 2 of the Swamp.
             The game lasted 01:18:44 (25621 turns).

Peloso the Peltast (Minotaur Fighter)              Turns: 25621, Time: 01:18:45

Health: -1/149     AC: 36    Str: 26    XL:     16   Next: 12%
Magic:  17/17      EV: 10    Int:  7    God:    Okawaru [******]
Gold:   2783       SH: 22    Dex: 16    Spells: 0 memorised, 15 levels left

rFire  + . .     SeeInvis .     S - +11 long sword of Dullness {flame, Dex+4}
rCold  + . .     Gourm    .     t - +2 crystal plate armour
rNeg   + . .     Faith    .     i - +0 large shield of Rituept {rC+ rN+ Int+2 Stlth-} (curse)
rPois  .         Spirit   .     g - +2 hat
rElec  .         Dismiss  .     e - +2 cloak {MR+}
rCorr  .         Reflect  .     Y - +3 pair of gauntlets of War {Slay+5}
SustAt .         Harm     .     Z - +0 pair of boots {Fly}
MR     +++..                    a - amulet of regeneration
Stlth  ..........               v - ring of protection from fire
                                b - ring of protection from magic

@: lethally poisoned (-1 -> -1), extremely resistant to hostile enchantments,
extremely unstealthy
A: retaliatory headbutt, horns 2
a: Heroism, Finesse, Renounce Religion, Evoke Flight


You were on level 2 of the Swamp.
You worshipped Okawaru.
Okawaru was exalted by your worship.
You were not hungry.

You visited 4 branches of the dungeon, and saw 27 of its levels.
You also visited: Labyrinth and Ossuary.

You collected 2936 gold pieces.
You spent 153 gold pieces at shops.

Inventory:

Hand Weapons
 j - a +3 long sword of slicing
 S - the +11 long sword of Dullness (weapon) {flame, Dex+4}
   (You found it on level 13 of the Dungeon)

   It has been specially enchanted to burn those struck by it, causing extra
   injury to most foes and up to half again as much damage against particularly
   susceptible opponents.
   Big, fiery blades are also staple armaments of hydra-hunters.
   It affects your dexterity (+4).
Armour
 e - a +2 cloak of magic resistance (worn)
 g - a +2 hat (worn)
 i - the cursed +0 large shield of Rituept (worn) {rC+ rN+ Int+2 Stlth-}
   (You found it on level 15 of the Dungeon)

   It affects your intelligence (+2).
   It protects you from cold.
   It protects you from negative energy.
   It makes you less stealthy.
   It has a curse placed upon it.
 t - a +2 crystal plate armour (worn)
 X - a +2 chain mail of fire resistance
 Y - the +3 pair of gauntlets of War (worn) {Slay+5}
   (You found it in a labyrinth)

   It affects your accuracy and damage with ranged weapons and melee attacks
   (+5).
 Z - a +0 pair of boots of flying (worn)
Jewellery
 a - an amulet of regeneration (around neck)
 b - a ring of protection from magic (left hand)
 c - a +5 ring of intelligence
 v - a ring of protection from fire (right hand)
 y - an uncursed ring of magical power
 C - an uncursed ring of protection from fire
Wands
 l - a wand of heal wounds (5/9)
 m - a wand of paralysis (9/24)
 x - a wand of digging (11/24)
 O - a wand of disintegration (7/24)
Scrolls
 d - 3 scrolls of fear
 k - 15 scrolls of identify
 n - 5 scrolls of blinking
 q - a scroll of fog
 z - 14 scrolls of teleportation
 A - a scroll of summoning
 B - 2 scrolls of magic mapping
 K - 2 scrolls of recharging
 N - 11 scrolls of remove curse
Potions
 o - 5 potions of heal wounds
 r - 3 potions of haste
 D - 4 potions of might
 E - 10 potions of curing
 G - a potion of resistance
 H - 2 potions of berserk rage
 P - 4 potions of invisibility
Books
 p - a book of Beasts

   Spells                             Type                      Level
   a - Summon Butterflies             Summoning                    1
   b - Call Canine Familiar           Summoning                    3
   c - Summon Ice Beast               Ice/Summoning                4
   d - Summon Mana Viper              Hexes/Summoning              5
   e - Summon Hydra                   Summoning                    7
Comestibles
 f - 12 bread rations
 h - 6 beef jerkies
 s - 7 chunks of flesh
 u - 9 meat rations
 J - 8 slices of pizza
 L - 9 fruits


   Skills:
 + Level 15.0 Fighting
 + Level 17.0 Long Blades
   Level 0.5 Polearms
 + Level 14.0 Armour
 + Level 11.0 Dodging
 + Level 2.8 Stealth
 + Level 17.3 Shields
 + Level 3.3 Invocations
 + Level 0.3 Evocations


You had 15 spell levels left.
You didn't know any spells.

Dungeon Overview and Level Annotations

Branches:
Dungeon (15/15)            Temple (0/1) D:4            Lair (8/8) D:10
  Swamp (2/4) Lair:3        Snake (0/4) Lair:5          Orc (2/2) D:11
    Elf (0/3) Orc:2        Vaults (0/5) D:13         Depths (0/5) D:15
  Slime: Lair:6-8

Altars:
Ashenzari
Cheibriados
Nemelex Xobeh
Okawaru
Pakellas
Trog
Vehumet
Xom
Beogh

Shops:
D:5 [   D:8 ==%:   Orc:2 (%%(

Portals:
Trove: D:12 (give 8 potions of haste)

Annotations:
D:11 exclusion: orange crystal statue
Lair:7 exclusion: 2 oklob plants


Innate Abilities, Weirdness & Mutations

You reflexively headbutt those who attack you in melee.
You have a pair of horns on your head.


Message History

* * * LOW HITPOINT WARNING * * *
You block the alligator's attack. The alligator tail-slaps you.
* * * LOW HITPOINT WARNING * * *
Drink which item? (? for menu, Esc to quit)
You feel much better. The shadow hits you. The alligator barely misses you.
The alligator closely misses you. You block the spriggan rider's attack.
You barely miss the spriggan rider.
You feel sick.
The shadow slips into darkness.
The shadow flickers and vanishes!
Deactivating autopickup; reactivate with Ctrl-A.
The alligator bites you but does no damage.
You block the alligator's attack.
A slime creature comes into view.
Your unstable footing causes you to fumble your attack.
You block the spriggan rider's attack.
A large slime creature splits.
The shadow strikes at you from the darkness!
* * * LOW HITPOINT WARNING * * *
Reactivating autopickup.
The alligator bites you!
You die...

♣..≈≈≈≈.♣
♣♣.≈≈≈≈≈♣♣
♣≈.≈≈≈≈.♣♣♣♣♣♣
♣♣..≈≈≈§.≈.≈.♣
♣♣♣≈§...≈≈≈≈.≈≈♣
♣.≈≈.≈.≈≈≈≈≈≈..♣
♣≈≈≈.♣≈≈≈≈J≈≈.♣♣♣
♣♣≈≈♣♣♣.W†tJ.≈≈J♣
♣♣♣♣ ♣♣♣@i♣..≈≈
♣♣♣♣ ≈


You could see an alligator, 3 slime creatures, a spriggan rider and a shadow.

Vanquished Creatures
  A thorn hunter (Swamp:1)
  An orc warlord (Orc:1)
  A dire elephant (Lair:8)
  A minotaur (Lab)
  Josephine (Orc:1)
  The ghost of mishamorgan the Arsonist, a journeyman HEWz of Sif Muna (D:13)
  A vault guard (D:13)
  8 hydras
  A catoblepas (Lair:8)
  3 centaur warriors
  A death knight (D:11)
  A vampire mage (D:15)
  An ogre mage (D:15)
  A tengu warrior (D:14)
  A deep troll shaman (Lair:8)
  6 alligators
  4 orc high priests
  7 death yaks (Lair:8)
  Sonja (Lair:2)
  The ghost of CALLOUS the Ruffian, a novice TrCj of Kikubaaqudgha (D:8)
  A sun demon (D:14)
  An iron troll (D:13)
  3 wizards
  A skeletal warrior (D:15)
  2 unseen horrors
  A fire crab (Lair:7)
  A shambling mangrove (Swamp:2)
  Pikel (D:7)
  5 hill giants
  8 orc knights
  A harpy (shapeshifter) (D:13)
  A necromancer (D:15)
  An oklob plant (D:10)
  8 orc sorcerers
  12 ugly things
  2 deep elf magi (D:14)
  A cyclops (D:12)
  A griffon (Lair:7)
  2 manticores
  7 black mambas
  13 elephants
  Maurice (Orc:1)
  An octopode (shapeshifter) (D:14)
  A molten gargoyle (D:15)
  3 centaur zombies
  12 spiny frogs
  4 gargoyles
  2 kobold demonologists
  A yaktaur (D:15)
  6 komodo dragons
  3 rime drakes
  2 redback zombies
  2 freezing wraiths (D:11)
  The ghost of Rexou the Shooter, a novice HEAM (Ossuary)
  An ice devil (D:14)
  A guardian mummy (D:15)
  8 trolls
  4 two-headed ogres
  A minotaur zombie (Lab)
  2 giant leeches (Swamp:2)
  A boulder beetle (shapeshifter) (D:14)
  21 blink frogs
  Prince Ribbit (Lair:2)
  13 slime creatures
  A harpy skeleton (D:15)
  3 bog bodies
  An ice dragon zombie (D:15)
  2 fire dragon zombies (D:15)
  6 shadows
  7 wraiths
  A fire dragon skeleton (D:15)
  Sigmund (D:5)
  6 basilisks
  33 yaks
  Grum (D:9)
  4 spriggans
  2 wyverns
  A hog (D:9)
  A human (D:9)
  A fire elemental (D:15)
  A steam dragon (D:13)
  6 hungry ghosts
  5 vampire mosquitoes
  4 hippogriffs
  5 wargs
  12 water moccasins
  Menkaure (D:5)
  7 swamp worms
  A mottled dragon (D:12)
  Duvessa (D:5)
  7 porcupines
  2 swamp drakes (Swamp:1)
  4 ice beasts
  A sky beast (D:14)
  2 black bears
  An eye of draining (D:9)
  29 orc warriors
  6 wasps
  3 slaves (D:7)
  14 ogres
  3 phantoms
  26 wolves
  11 crocodiles
  5 centaurs
  3 big kobolds
  3 wyvern zombies
  19 giant frogs
  Dowan (D:5)
  2 scorpions
  A wyvern skeleton (D:14)
  2 water moccasin skeletons
  8 killer bees
  5 howler monkeys
  7 wights
  2 electric eels
  6 crimson imps
  3 giant frog zombies
  2 lava snakes (D:15)
  9 jellies
  30 orc priests
  A giant frog skeleton (D:11)
  8 hounds
  29 orc wizards
  A centaur skeleton (D:7)
  A gnoll shaman (Orc:2)
  Ijyb (D:3)
  Crazy Yiuf (D:2)
  Natasha (thrice) (D:3)
  9 iguanas
  10 worker ants
  30 sheep
  A hound zombie (D:4)
  A hound skeleton (D:4)
  9 mummies
  A worker ant zombie (D:7)
  8 gnolls
  A howler monkey skeleton (D:10)
  7 adders
  26 river rats
  2 shadow imps
  4 white imps (D:14)
  2 adder zombies (D:5)
  3 worms
  An adder skeleton (D:4)
  2 dart slugs
  10 giant geckos
  103 orcs
  5 bats
  3 giant cockroaches
  5 hobgoblins
  8 jackals
  3 quokkas
  A ball python (D:1)
  2 giant newts
  5 goblins
  4 hobgoblin zombies
  A jackal skeleton (D:5)
  A jackal zombie (D:5)
  19 kobolds
  3 kobold zombies (Ossuary)
  3 orc zombies
  A quokka skeleton (D:5)
  9 rats
  A briar patch (Swamp:1)
  5 fungi
  2 plants
895 creatures vanquished.

Vanquished Creatures (collateral kills)
  A fungus (Lair:7)
1 creature vanquished.

Vanquished Creatures (others)
  An orange crystal statue (D:10)
  An orc wizard (D:4)
  A briar patch (Swamp:1)
  6 fungi
  9 plants
18 creatures vanquished.

Grand Total: 914 creatures vanquished

Notes
Turn   | Place    | Note
--------------------------------------------------------------
     0 | D:1      | Peloso the Minotaur Fighter began the quest for the Orb.
     0 | D:1      | Reached XP level 1. HP: 19/19 MP: 0/0
   150 | D:1      | Reached XP level 2. HP: 24/27 MP: 1/1
   646 | D:2      | Reached XP level 3. HP: 32/33 MP: 2/2
  1123 | D:2      | Noticed Crazy Yiuf
  1131 | D:2      | Killed Crazy Yiuf
  1131 | D:2      | Reached skill level 1 in Dodging
  1268 | D:3      | Noticed Natasha
  1278 | D:3      | HP: 1/33 [white imp/puff of frost[Natasha] (3)]
  1284 | D:3      | Killed Natasha
  1284 | D:3      | Reached XP level 4. HP: 9/41 MP: 3/3
  1305 | D:3      | Noticed Natasha
  1323 | D:3      | Killed Natasha
  1410 | D:3      | Reached XP level 5. HP: 25/47 MP: 4/4
  1485 | D:3      | Noticed Natasha
  1488 | D:3      | Killed Natasha
  1509 | D:3      | Noticed Ijyb
  1548 | D:3      | Killed Ijyb
  2006 | D:3      | Reached skill level 5 in Shields
  2351 | D:4      | Found a radiant altar of Vehumet.
  2405 | D:4      | Found an iron altar of Okawaru.
  2415 | D:4      | Became a worshipper of Warmaster Okawaru
  2422 | D:4      | Reached XP level 6. HP: 46/55 MP: 5/5
  2424 | D:4      | Reached skill level 5 in Fighting
  2481 | D:4      | Reached skill level 5 in Armour
  2731 | D:4      | Found a staircase to the Ecumenical Temple.
  2856 | D:5      | Entered Level 5 of the Dungeon
  2860 | D:5      | Noticed Duvessa
  2860 | D:5      | Noticed Dowan
  2875 | D:5      | Killed Duvessa
  2875 | D:5      | Reached XP level 7. HP: 59/61 MP: 6/6
  2884 | D:5      | Killed Dowan
  2884 | D:5      | Reached * piety under Okawaru
  2949 | D:5      | Got a brightly glowing spear
  2950 | D:5      | Identified the +12 spear of the Four Ships {venom, rF+ rC+ Dex+3} (You found it on level 5 of the Dungeon)
  2987 | D:5      | Reached skill level 5 in Long Blades
  3012 | D:5      | Noticed Menkaure
  3013 | D:5      | Noticed Sigmund
  3025 | D:5      | Killed Menkaure
  3042 | D:5      | Killed Sigmund
  3042 | D:5      | Reached ** piety under Okawaru
  3042 | D:5      | Reached XP level 8. HP: 26/70 MP: 7/7
  3305 | D:5      | Reached skill level 5 in Dodging
  3409 | D:5      | Found Wuuranur's Antique Armour Emporium.
  3488 | D:5      | Found a bloodstained altar of Trog.
  3488 | D:5      | Found a shimmering altar of Xom.
  4416 | D:7      | Reached XP level 9. HP: 58/78 MP: 8/8
  4482 | D:7      | Found a sparkling altar of Nemelex Xobeh.
  4502 | D:7      | Reached *** piety under Okawaru
  4783 | D:7      | Noticed Pikel
  4785 | D:7      | Found an iron altar of Okawaru.
  4815 | D:7      | Killed Pikel
  4843 | D:7      | Reached skill level 1 in Invocations
  4859 | D:7      | Found a snail-covered altar of Cheibriados.
  4861 | D:7      | Found a shattered altar of Ashenzari.
  5491 | D:8      | Found a sand-covered staircase.
  5541 | Ossuary  | Entered an ossuary
  5701 | Ossuary  | Noticed Rexou's ghost (novice HEAM)
  5714 | Ossuary  | Killed Rexou's ghost
  5859 | D:8      | Found Ninia's Food Shoppe.
  5878 | D:8      | Found Kibb's Book Shop.
  5926 | D:8      | Noticed CALLOUS's ghost (novice TrCj)
  5945 | D:8      | Reached **** piety under Okawaru
  6297 | D:7      | Identified a scroll of acquirement
  6402 | D:8      | Killed CALLOUS's ghost
  6402 | D:8      | Reached XP level 10. HP: 58/88 MP: 6/9
  6414 | D:8      | Found Caofriti's Jewellery Emporium.
  6503 | D:8      | Found Weutseot's Jewellery Boutique.
  7127 | D:9      | Noticed Grum
  7140 | D:9      | Killed Grum
  7367 | D:9      | Reached skill level 10 in Shields
  7561 | D:10     | Entered Level 10 of the Dungeon
  7665 | D:10     | Found a staircase to the Lair.
  7667 | D:10     | Noticed an oklob plant
  7726 | D:10     | Killed an oklob plant
  7726 | D:10     | Reached skill level 1 in Stealth
  7964 | D:10     | Noticed a hill giant
  7988 | D:10     | Killed a hill giant
  7988 | D:10     | Reached ***** piety under Okawaru
  8324 | D:10     | Found an oddly glowing altar of Pakellas.
  8324 | D:10     | Noticed an orange crystal statue
  8325 | D:10     | Noticed a five-headed hydra
  8331 | D:10     | Killed an orange crystal statue
  8438 | D:10     | Noticed a white ugly thing
  8452 | D:10     | Killed a white ugly thing
  8452 | D:10     | Reached skill level 10 in Long Blades
  8452 | D:10     | Reached XP level 11. HP: 38/97 MP: 11/11
  8633 | D:11     | Noticed an orange crystal statue
  8669 | D:11     | Received a gift from Okawaru
  8680 | D:11     | Got a pair of shimmering gloves {god gift}
  8717 | D:11     | Found a labyrinth entrance.
  8726 | Lab      | Entered a labyrinth
  8733 | Lab      | Identified the +2 pair of gloves of the Rabble {rF+} (Okawaru gifted it to you on level 11 of the Dungeon)
  9001 | Lab      | Noticed a minotaur
  9013 | Lab      | Killed a minotaur
  9013 | Lab      | Reached skill level 10 in Armour
  9097 | Lab      | Got a vibrating zirconium amulet
  9098 | Lab      | Identified the amulet "Wonk" {Harm *Drain rF+ rC+ Dex+3} (You found it in a labyrinth)
  9143 | D:11     | Reached skill level 10 in Fighting
  9755 | D:11     | Found a staircase to the Orcish Mines.
  9756 | D:11     | Noticed a death knight
  9776 | D:11     | Killed a death knight
 10069 | D:11     | Found a roughly hewn altar of Beogh.
 10226 | D:11     | Noticed a centaur warrior
 10248 | D:11     | Killed a centaur warrior
 10403 | Lair:1   | Entered Level 1 of the Lair of Beasts
 10633 | Lair:1   | Reached XP level 12. HP: 105/107 MP: 12/12
 11327 | Lair:2   | Noticed Sonja
 11333 | Lair:2   | Killed Sonja
 11333 | Lair:2   | Reached ****** piety under Okawaru
 11363 | Lair:2   | Identified the Almanac of Creative Dark Rites
 11406 | Lair:2   | Noticed Prince Ribbit
 11414 | Lair:2   | Killed Prince Ribbit
 11486 | Lair:2   | Received a gift from Okawaru
 12773 | Lair:3   | Found a staircase to the Swamp.
 12779 | Lair:3   | Received a gift from Okawaru
 12992 | Lair:3   | Noticed a five-headed hydra
 13008 | Lair:3   | Killed a 17-headed hydra
 13629 | Lair:4   | Reached XP level 13. HP: 93/117 MP: 14/14
 14143 | Lair:5   | Found a staircase to the Snake Pit.
 15502 | Lair:6   | Received a gift from Okawaru
 16144 | Lair:6   | You fall through a shaft for 2 floors!
 16144 | Lair:8   | Entered Level 8 of the Lair of Beasts
 16641 | Lair:8   | Received a gift from Okawaru
 16661 | Lair:8   | Got a warped falchion {god gift}
 16662 | Lair:8   | Identified the +6 falchion "Bungen" {drain, Str+5} (Okawaru gifted it to you on level 8 of the Lair of Beasts)
 17769 | Lair:7   | Reached XP level 14. HP: 127/127 MP: 15/15
 18395 | Lair:8   | Received a gift from Okawaru
 19236 | D:12     | Reached skill level 15 in Long Blades
 19748 | D:12     | Found a portal to a secret trove of treasure.
 20126 | D:13     | Reached skill level 10 in Dodging
 20147 | D:13     | Noticed mishamorgan's ghost (journeyman HEWz)
 20157 | D:13     | Killed mishamorgan's ghost
 20158 | D:13     | Found a shattered altar of Ashenzari.
 20240 | D:13     | Reached skill level 15 in Shields
 20274 | D:13     | Found a gate to the Vaults.
 20432 | D:13     | Got an ivory long sword
 20433 | D:13     | Identified the +11 long sword of Dullness {flame, Dex+4} (You found it on level 13 of the Dungeon)
 20622 | D:13     | Received a gift from Okawaru
 20901 | D:14     | Found a shattered altar of Ashenzari.
 21676 | D:15     | Entered Level 15 of the Dungeon
 21693 | D:15     | Received a gift from Okawaru
 21693 | D:15     | Reached XP level 15. HP: 128/137 MP: 16/16
 21728 | D:15     | Got a spiked large shield
 21739 | D:15     | Identified the cursed +0 large shield of Rituept {rC+ rN+ Int+2 Stlth-} (You found it on level 15 of the Dungeon)
 22035 | D:15     | Found a staircase to the Depths.
 22848 | Orc:1    | Entered Level 1 of the Orcish Mines
 22855 | Orc:1    | Noticed Josephine
 22882 | Orc:1    | Killed Josephine
 23091 | Orc:1    | Found a roughly hewn altar of Beogh.
 23120 | Orc:2    | Entered Level 2 of the Orcish Mines
 23233 | Orc:2    | Noticed an orc warlord
 23298 | Orc:1    | Killed an orc warlord
 23626 | Orc:2    | Found a staircase to the Elven Halls.
 23817 | Orc:2    | Received a gift from Okawaru
 24032 | Orc:2    | Found Qaasihod's Antique Weapon Shoppe.
 24032 | Orc:2    | Found Cifirof's Food Boutique.
 24034 | Orc:2    | Found Oplall's Antique Weapon Boutique.
 24034 | Orc:2    | Found Gyxuwets's Food Shoppe.
 24042 | Orc:2    | Bought an ebony long sword for 153 gold pieces
 24042 | Orc:2    | Identified the +6 long sword of the Gloaming {slice, -Tele Str+4 Stlth+} (You bought it in a shop on level 2 of the Orcish Mines)
 24319 | Orc:1    | Noticed Maurice
 24324 | Orc:1    | Killed Maurice
 24710 | Swamp:1  | Entered Level 1 of the Swamp
 24778 | Swamp:1  | Noticed a thorn hunter
 24792 | Swamp:1  | Killed a thorn hunter
 25095 | Swamp:1  | Received a gift from Okawaru
 25224 | Swamp:1  | Reached XP level 16. HP: 141/147 MP: 17/17
 25524 | Swamp:2  | Received a gift from Okawaru
 25609 | Swamp:2  | Reached skill level 15 in Fighting
 25621 | Swamp:2  | Slain by an alligator

Skill      XL: |  1  2  3  4  5  6  7  8  9 10 11 12 13 14 15 16 |
---------------+-------------------------------------------------+-----
Shields        | 4 5 6 7 9 10 11 12 14 15 17 | 17.3
Fighting       | 4 5 6 8 9 10 11 12 13 14 15 | 15.0
Armour         | 4 5 6 7 8 9 10 11 12 13 14 | 14.0
Dodging        | 1 2 3 4 5 6 7 8 9 10 11 | 11.0
Long Blades    | 3 4 5 6 8 10 11 13 14 15 16 17 | 17.0
Invocations    | 1 2 3 |  3.3
Stealth        | 1 2 |  2.8
Polearms       | |  0.5
Evocations     | |  0.3

Action                   |  1- 3 |  4- 6 |  7- 9 | 10-12 | 13-15 | 16-18 || total
-------------------------+-------+-------+-------+-------+-------+-------++-------
Melee: Long sword        |    95 |   136 |   196 |       |   838 |    87 ||  1352
       Headbutt          |    18 |    25 |    86 |   193 |   370 |    18 ||   710
       Spear             |       |       |     2 |       |       |       ||     2
       Scimitar          |       |       |   283 |   698 |   193 |       ||  1174
       Falchion          |       |       |       |       |   333 |       ||   333
Invok: Heroism           |       |       |     7 |     8 |    10 |       ||    25
       Finesse           |       |       |       |     2 |     1 |       ||     3
Evoke: Wand              |       |       |       |       |     1 |       ||     1
  Use: Scroll            |     9 |       |    15 |     5 |     9 |       ||    38
       Potion            |     1 |     2 |     1 |     1 |     3 |     1 ||     9
 Stab: Petrified         |       |       |       |       |     1 |       ||     1
       Confused          |       |       |       |       |     1 |       ||     1
  Eat: Chunk             |     1 |     6 |    12 |    26 |    38 |     1 ||    84
       Fruit             |       |       |       |       |     2 |       ||     2
Armor: Scale mail        |    49 |    58 |       |       |       |       ||   107
       Chain mail        |       |     7 |   201 |   238 |   430 |    11 ||   887
       Plate armour      |       |       |       |     8 |       |       ||     8
       Crystal plate arm |       |       |       |       |       |    39 ||    39
Dodge: Dodged            |    42 |    53 |   131 |   213 |   420 |    35 ||   894
Block: Shield            |    51 |    73 |   229 |   423 |   448 |       ||  1224
       Large shield      |       |       |       |       |   647 |   117 ||   764
